 Dungeon Crawl Stone Soup version 0.28.0-53-g5a82cb258f (webtiles) character file.

Game seed: 14865181859754060242

4952 oldmanjim the Thaumaturge (level 10, -4/56 HPs)
             Began as a Deep Elf Conjurer on Aug 17, 2022.
             Was a Follower of Vehumet.
             Shot with an arrow by a centaur (6 damage)
             ... on level 9 of the Dungeon on Aug 18, 2022.
             The game lasted 01:29:29 (11875 turns).

oldmanjim the Thaumaturge (Deep Elf Conjurer)      Turns: 11875, Time: 01:29:29

Health: -4/56      AC:  9    Str:  4    XL:     10   Next: 28%
Magic:  2/25       EV: 15    Int: 28    God:    Vehumet [*.....]
Gold:   296        SH:  0    Dex: 13    Spells: 9/28 levels left

rFire   . . .      SeeInvis .   r - staff of cold
rCold   + . .      Faith    .   (no shield)
rNeg    . . .      Spirit   .   i - +0 robe
rPois   .          Reflect  .   K - +0 helmet
rElec   .          Harm     .   y - +1 cloak
rCorr   .          Rampage  .   g - +0 pair of gloves
Will    +++..                   D - +2 pair of boots
Stlth   ++........              (no amulet)
HPRegen 0.18/turn               w - ring of willpower
MPRegen 0.19/turn               l - ring of willpower

@: no status effects
A: no striking features
a: Renounce Religion


You were on level 9 of the Dungeon.
You worshipped Vehumet.
Vehumet was aware of your devotion.
You visited 2 branches of the dungeon, and saw 10 of its levels.

You collected 296 gold pieces.

Inventory:

Hand Weapons
 a - a +1 dagger of electrocution
 F - a +0 dagger
Missiles
 H - 5 atropa-tipped darts
 J - 2 throwing nets
Armour
 g - a +0 pair of gloves (worn)
 i - a +0 robe (worn)
 t - a +0 leather armour
 y - a +1 cloak (worn)
 D - a +2 pair of boots (worn)
 K - a +0 helmet (worn)
Magical Staves
 o - a staff of earth
 r - a staff of cold (weapon)
Jewellery
 l - a ring of willpower (right hand)
 m - a ring of fire
 w - a ring of willpower (left hand)
 G - a ring of see invisible
Wands
 k - a wand of paralysis (8)
 I - a wand of flame (40)
Scrolls
 b - a scroll of amnesia
 h - a scroll of blinking
 s - a scroll of immolation
 v - a scroll of torment
 A - a scroll of brand weapon
Potions
 c - a potion of mutation
 d - 4 potions of lignification
 e - 4 potions of flight
 f - a potion of ambrosia {unknown}
 j - 3 potions of haste
 n - 3 potions of attraction {unknown}
 p - a potion of heal wounds
 q - a potion of cancellation {unknown}
 u - a potion of invisibility {unknown}
 x - a potion of curing
 z - a potion of berserk rage {unknown}
 B - a potion of brilliance {unknown}
 C - 2 potions of might {unknown}


   Skills:
 - Level 3.0 Fighting
 + Level 7.2 Dodging
 - Level 3.0 Stealth
 + Level 9.9 Spellcasting
 - Level 9.0 Conjurations
 - Level 5.0 Hexes
 - Level 5.0 Air Magic
 - Level 5.0 Earth Magic
 - Level 4.0 Evocations


You had 9 spell levels left.
You knew the following spells:

 Your Spells              Type           Power      Damage    Failure   Level
a - Magic Dart            Conj           100%       1d8       1%          1
c - Dazzling Flash        Conj/Hex       100%       N/A       1%          3
d - Fulminant Prism       Conj/Hex       26%        3d14      2%          4
e - Lightning Bolt        Conj/Air       26%        1d42      6%          5
f - Iron Shot             Conj/Erth      26%        9d6       34%         6

Your spell library contained the following spells:

 Spells                   Type           Power      Damage    Failure   Level
 Shock                    Conj/Air       100%       1d9       1%          1
 Foxfire                  Conj/Fire      100%       2x1d9     1%          1
 Slow                     Hex            100%       N/A       1%          1
 Searing Ray              Conj           100%       2d8       1%          2
 Static Discharge         Conj/Air       52%        N/A       1%          2
 Confusing Touch          Hex            41%        N/A       1%          3
 Conjure Flame            Conj/Fire      39%        6-21      1%          3
 Tukima's Dance           Hex            41%        N/A       1%          3
 Iskenderun's Battlesphe  Conj           59%        2d11      2%          5
 Inner Flame              Hex/Fire       27%        N/A       4%          3
 Flame Wave               Conj/Fire      39%        2d9       6%          4
 Iskenderun's Mystic Bla  Conj/Tloc      39%        2d9       6%          4
 Sticky Flame             Conj/Fire      39%        2d6       6%          4
 Ignite Poison            Fire/Tmut/Pois 13%        N/A       12%         3
 Vampiric Draining        Necr           13%        2d6       12%         3
 Passage of Golubria      Tloc           13%        N/A       38%         4
 Yara's Violent Unravell  Hex/Tmut       13%        3d7       38%         5
 Spellforged Servitor     Conj/Summ      19%        N/A       99%         7
 Borgnjor's Revivificati  Necr           6%         N/A       100%        8
 Maxwell's Capacitive Co  Air            20%        ∞         100%        8
 Necromutation            Tmut/Necr      6%         N/A       100%        8
 Death's Door             Necr           6%         N/A       100%        9


Dungeon Overview and Level Annotations

Branches:
Dungeon (9/15)             Temple (1/1) D:7            Lair (0/6) D:9
    Orc: D:9-12

Altars:
Ashenzari
Cheibriados
Dithmenos
Elyvilon
Fedhas
Gozag
Hepliaklqana
Kikubaaqudgha
Makhleb
Nemelex Xobeh
Okawaru
Qazlal
Ru
Sif Muna
Trog
Uskayaw
Vehumet
Wu Jian
Xom
Yredelemnul
Zin
The Shining One

Shops:
D:7 [

Portals:
Abyss: D:4

Annotations:
D:4 2 transporters, Golfball's ghost, novice GrFi


Message History

Press: ? - help, Dir - move target You conjure a prism of explosive energy!
A fulminant prism comes into view.
Your fulminant prism crackles loudly.
The acid dragon spits acid at you. The splash of acid hits you!
* * * LOW HITPOINT WARNING * * *
The acid corrodes you!
Your fulminant prism explodes!
The blast of energy engulfs the acid dragon!!
You kill the acid dragon!
Vehumet accepts your kill.
The acid dragon scales are intact enough to wear.
You hear a shout! x2
You start resting.
An orc warrior comes into view. It is wielding a +0 war axe.
There is an open door here.
Casting: Fulminant Prism (dangerous; 2% risk of failure)
Confirm with . or Enter, or press ? or * to list all spells.
Casting: Dazzling Flash (safe; 1% risk of failure)
Press: ? - help, Dir - look around, f - activate You are no longer corroded.
The orc warrior misses you.
Casting: Dazzling Flash (safe; 1% risk of failure)
Confirm with . or Enter, or press ? or * to list all spells.
Casting: Dazzling Flash (safe; 1% risk of failure)
Press: ? - help, Dir - look around, f - activate Look: an orc warrior, wielding a +0 war axe and wearing a +0 chain mail (chance to dazzle: 79%)
The orc warrior is dazzled.
An orc comes into view. It is wielding a +0 morningstar.
The orc shouts!
The orc warrior hits you with a +0 war axe!
* * * LOW HITPOINT WARNING * * *
A centaur comes into view.
The centaur shouts!
The centaur wields a +0 shortbow.
The centaur shoots an arrow.
The arrow hits you.
* * * LOW HITPOINT WARNING * * *
The centaur shoots an arrow.
The arrow hits you.
You die...

*,,,,,<,* *****,,,,,,,*
*******,,,*,,,,,,,*
*,,,,,,,,,*,,,,,,,***
*,,,,,,,,,*,,,,>,**,,
#########*,,,,,,,,*,,,,,,*,,,
#.<.....####+#*,,,*,,,,,,*,,,
##.......##...#*#+##,,,,,,*,,,
#............@##...#,,,,,,*,,,
#..................#,,,,,,*,,,
##.......##........+,,,,,,*,,,
#########.........#,,,,,,*,,,
#...o##..c#,,,,,,*,,, ***
##...##...'.,,,,,*,,, **#,*
#.....#,..#.,,,,,*,,,
,,..##########.o..#,..#,,,,,,*,,,
,,...........#....#,,,*,,,,,,*,,,


You could see an orc warrior (blind), a centaur and an orc.

Vanquished Creatures
  A two-headed ogre (D:9)
  Pikel (D:8)
  Joseph (D:7)
  Prince Ribbit (D:8)
  4 yaks
  Grum (D:8)
  A steam dragon (D:8)
  An acid dragon (D:9)
  A hornet zombie (D:5)
  An ice beast (D:8)
  A sky beast (D:7)
  A black bear (D:4)
  An orc warrior (D:7)
  2 wolves (D:8)
  A centaur (D:8)
  An ogre (D:5)
  A kobold brigand (D:7)
  2 lemures (D:8)
  A wyvern zombie (D:5)
  A bullfrog (D:8)
  3 scorpions
  A water moccasin zombie (D:5)
  3 killer bees (D:8)
  5 wights (D:7)
  A howler monkey (D:7)
  An electric eel (D:7)
  A bullfrog zombie (D:5)
  2 hounds (D:5)
  2 jellies
  4 orc priests
  A gnoll shaman (D:7)
  4 iguanas
  4 orc wizards (D:7)
  A hound zombie (D:5)
  A howler monkey skeleton (D:4)
  4 adders
  16 gnolls
  A white imp (D:8)
  3 ufetubi
  An adder skeleton (D:4)
  3 dart slugs
  20 orcs
  6 ball pythons
  7 endoplasms
  A giant cockroach (D:1)
  4 goblins
  12 hobgoblins
  8 kobolds
  2 quokkas
  4 bats
  3 frilled lizards
  4 rats
158 creatures vanquished.

Vanquished Creatures (others)
  68 fulminant prisms
68 creatures vanquished.

Grand Total: 226 creatures vanquished

Notes
Turn   | Place    | Note
-------+----------+-------------------------------------------
     0 | D:1      | oldmanjim the Deep Elf Conjurer began the quest for the
                  | Orb.
     0 | D:1      | Reached XP level 1. HP: 10/10 MP: 6/6
   155 | D:1      | Reached XP level 2. HP: 15/15 MP: 4/8
   200 | D:1      | Learned a level 2 spell: Searing Ray
   942 | D:2      | Reached XP level 3. HP: 19/19 MP: 8/10
  1841 | D:3      | Learned a level 3 spell: Dazzling Flash
  1943 | D:3      | Reached skill level 5 in Conjurations
  1947 | D:3      | Reached XP level 4. HP: 17/24 MP: 4/12
  2094 | D:3      | Reached skill level 5 in Spellcasting
  2266 | D:3      | Reached skill level 1 in Hexes
  2605 | D:3      | Reached skill level 1 in Fighting
  2652 | D:3      | Reached XP level 5. HP: 29/29 MP: 8/14
  2710 | D:3      | Found a faded altar of an unknown god.
  3234 | D:3      | Learned a level 4 spell: Fulminant Prism
  3263 | D:4      | Noticed a black bear
  3381 | D:4      | Found a transporter.
  3382 | D:4      | Noticed a small abomination
  3417 | D:4      | Found a one-way gate to the infinite horrors of the Abyss.
  3417 | D:4      | Noticed Golfball's ghost (novice GrFi)
  3628 | D:4      | Found a transporter.
  4308 | D:4      | Killed a black bear
  4309 | D:4      | Reached XP level 6. HP: 35/35 MP: 6/15
  4419 | D:5      | Entered Level 5 of the Dungeon
  5024 | D:5      | Reached skill level 1 in Evocations
  5553 | D:5      | Reached XP level 7. HP: 40/40 MP: 8/18
  6325 | D:5      | Reached skill level 5 in Hexes
  6837 | D:6      | Learned a level 5 spell: Lightning Bolt
  7252 | D:6      | Reached skill level 1 in Air Magic
  7252 | D:6      | Reached XP level 8. HP: 44/44 MP: 15/20
  7596 | D:7      | Reached skill level 5 in Dodging
  8096 | D:7      | Found a staircase to the Ecumenical Temple.
  8105 | Temple   | Entered the Ecumenical Temple
  8422 | Temple   | Became a worshipper of Vehumet
  8598 | D:7      | Learned a level 6 spell: Iron Shot
  8664 | D:7      | Found Zeuvumoc's Armour Boutique.
  9290 | D:7      | Found a glowing golden altar of the Shining One.
  9311 | D:7      | Found an ornate altar of the Wu Jian Council.
  9311 | D:7      | Found an opulent altar of Gozag.
  9313 | D:7      | Found a broken altar of Ashenzari.
  9662 | D:8      | Noticed Joseph
 10066 | D:8      | Reached XP level 9. HP: 48/48 MP: 13/23
 10558 | D:7      | Killed Joseph
 10558 | D:7      | Reached * piety under Vehumet
 10558 | D:7      | Offered knowledge of Shock by Vehumet.
 10559 | D:7      | Reached skill level 5 in Air Magic
 10559 | D:7      | Reached skill level 1 in Earth Magic
 10955 | D:8      | Noticed Pikel
 10955 | D:8      | Noticed Prince Ribbit
 10963 | D:8      | Killed Pikel
 10966 | D:8      | Killed Prince Ribbit
 11023 | D:8      | Noticed Grum
 11035 | D:8      | Killed Grum
 11036 | D:8      | Reached XP level 10. HP: 30/56 MP: 10/25
 11273 | D:8      | Reached skill level 5 in Earth Magic
 11826 | D:9      | Noticed a two-headed ogre
 11836 | D:9      | Killed a two-headed ogre
 11874 | D:9      | HP: 1/56 [centaur/arrow (6)]
 11875 | D:9      | Shot with an arrow by a centaur

Illustrated notes

Levels and vault maps discovered:
D:1:      dpeg_arrival_orchard, layout_rooms
D:2:      layout_basic, serial_bayou_pond_d
D:3:      wad_lake_hut, layout_basic, hellmonk_ecumenical_altar_prayer_group,
          corexii_leaking_fountain, kennysheep_generic_room_3
D:4:      kennysheep_big_flooded_room, layout_loops_ring,
          gammafunk_ghost_abyssal_escape, hangedman_decor_riveting
D:5:      layout_basic, minivault_4
D:6:      nicolae_cairo_tiling_large_dashed, layout_rooms, st_stairs_3
D:7:      layout_cave_pods, nicolae_overflow_hidden_temple, tso_metal_star,
          minmay_temple_entry_glassed_door, serial_shops,
          nicolae_shop_statue_plus, nrook_pool_corridor
D:8:      hellmonk_destroyed_diamonds, layout_loops_ring,
          amcnicky_mini_corridor_feature, uniq_pikel, uniq_prince_ribbit1,
          uniq_joseph, uniq_grum
D:9:      layout_gridville, lair_entry_dummy, enter_bailey_5
Temple:   hc_temple_tempest_star

Skill      XL: |  1  2  3  4  5  6  7  8  9 10 |
---------------+-------------------------------+-----
Stealth        | 3 |  3.0
Dodging        | 3 4 6 7 |  7.2
Spellcasting   | 4 5 6 7 8 9 |  9.9
Conjurations   | 5 7 9 |  9.0
Hexes          | 2 3 4 5 |  5.0
Fighting       | 1 2 3 |  3.0
Evocations     | 1 4 |  4.0
Air Magic      | 1 4 5 |  5.0
Earth Magic    | 4 5 |  5.0

Action                   |  1- 3 |  4- 6 |  7- 9 | 10-12 || total
-------------------------+-------+-------+-------+-------++-------
Melee: Staff             |       |       |     8 |     1 ||     9
       Punch             |       |       |     1 |       ||     1
 Cast: Magic Dart        |    67 |    61 |   110 |    12 ||   250
       Searing Ray       |     2 |    17 |    16 |       ||    35
       Fulminant Prism   |       |     6 |    47 |    15 ||    68
       Lightning Bolt    |       |       |     2 |       ||     2
       Dazzling Flash    |       |       |       |     3 ||     3
  Use: Scroll            |       |     5 |    12 |     2 ||    19
       Potion            |       |       |       |     1 ||     1
Armor: Robe              |     1 |     6 |    16 |     7 ||    30
Dodge: Dodged            |     5 |    10 |    63 |    22 ||   100
